 Dungeon Crawl Stone Soup version 0.31-a0-128-g25add195a6 (webtiles) character file.

Game seed: 11496804957726698485

16 mopl the Stinger (level 2, -4/19 HPs)
             Began as a Formicid Venom Mage on June 1, 2023.
             Slain by a hobgoblin (5 damage)
             ... on level 1 of the Dungeon.
             The game lasted 00:00:54 (443 turns).

mopl the Stinger (Formicid Venom Mage)               Turns: 443, Time: 00:00:54

Health: -4/19      AC:  2    Str: 12    XL:     2   Next: 70%
Magic:  0/5        EV: 12    Int: 14    God:
Gold:   11         SH:  0    Dex: 14    Spells: 5/6 levels left

rFire   . . .        h - +0 mace
rCold   . . .        (no shield)
rNeg    . . .        a - +0 robe
rPois   .            (helmet unavailable)
rElec   .            (no cloak)
rCorr   .            (no gloves)
SInv    +            (no boots)
Will    .....        (no amulet)
Stlth   ++           (no ring)
HPRegen 0.23/turn    (no ring)
MPRegen 0.09/turn

%: no passive effects
@: no status effects
A: permanent stasis, dig shafts and tunnels, antennae 3, four strong arms
a: Dig, Shaft Self


You were on level 1 of the Dungeon.
You visited 1 branch of the dungeon, and saw 1 of its levels.

You collected 11 gold pieces.

Inventory:

Hand Weapons
 h - a +0 mace (weapon)
Armour
 a - a +0 robe (worn)
 i - a +0 plate armour
Scrolls
 d - 2 scrolls of identify {unknown}
 e - a scroll of poison {unknown}
 f - a scroll of teleportation {unknown}
 g - a scroll of fog {unknown}
Potions
 b - a potion of magic
 c - a potion of degeneration {unknown}
 j - a potion of haste {unknown}


   Skills:
 - Level 1.7 Dodging
 - Level 2.4 Stealth
 + Level 2.7 Spellcasting
 - Level 1.1 Transmutations
 + Level 4.6 Poison Magic


You had 5 spell levels left.
You knew the following spells:

 Your Spells              Type           Power      Damage    Failure   Level
a - Sting                 Tmut/Pois      36%        1d4       7%          1

Your spell library contained the following spells:

 Spells                   Type           Power      Damage    Failure   Level
 Poisonous Vapours        Pois/Air       16%        N/A       13%         2
 Static Discharge         Conj/Air       2%         2-3/arc   32%         2
 Olgreb's Toxic Radiance  Pois           14%        N/A       32%         4
 Mephitic Cloud           Conj/Pois/Air  6%         N/A       34%         3
 Airstrike                Air            0%         2d(1-17)  91%         4
 Summon Lightning Spire   Summ/Air       1%         N/A       91%         4


Dungeon Overview and Level Annotations

Branches:
Dungeon (1/15)

Altars:


Innate Abilities, Weirdness & Mutations

You cannot be hasted, slowed, berserked, paralysed or teleported.
You can dig through walls and to a lower floor.
You have a pair of large antennae on your head. (SInv)
Your four strong arms can wield two-handed weapons with a shield.


Message History

A hobgoblin comes into view.
The sting hits the kobold.
The kobold looks even sicker.
The kobold is severely wounded.
The hobgoblin shouts!
You kill the kobold!
Found 8 gold pieces.
You are out of magic!
You are out of magic!
You closely miss the rat. The rat barely misses you. The rat bites you.
You completely miss the rat. The rat bites you.
You closely miss the hobgoblin. The hobgoblin closely misses you.
The rat barely misses you. The hobgoblin completely misses you.
The rat bites you.
You barely miss the hobgoblin. The hobgoblin closely misses you.
The rat misses you.
You hit the hobgoblin but do no damage. The rat bites you.
The hobgoblin hits you but does no damage.
You closely miss the hobgoblin. The hobgoblin closely misses you.
The rat bites you. The hobgoblin closely misses you. The rat barely misses you.
You hit the hobgoblin but do no damage. The hobgoblin barely misses you.
The rat closely misses you.
You barely miss the hobgoblin. The rat closely misses you.
The hobgoblin hits you. The rat misses you. The hobgoblin hits you.
You are too injured to fight recklessly!
You are too injured to fight recklessly!
The rat attacks as you move away! The rat bites you but does no damage.
Casting: Sting (safe; 7% risk of failure)
Confirm with . or Enter, or press ? or * to list all spells.
Aiming: Sting (safe; 7% risk of failure)
Press: ? - help, Shift-Dir - straight line, f - hobgoblin
Aim: a hobgoblin (68% to hit)
The sting hits the hobgoblin but does no damage.
The hobgoblin is poisoned.
The hobgoblin hits you.
* * * LOW HITPOINT WARNING * * *
The rat bites you.
* * * LOW HITPOINT WARNING * * *
You barely miss the hobgoblin.
The hobgoblin is heavily wounded.
The hobgoblin hits you.
You die...

# ### ### # #.. ...
.......# ## #.###.###
.......# #..
$>......+........#
#.####..)#.###........#
#.#...................+
#.....gr...# #.##...#
#.....@....#####.......
#....).................
#.......?..............
#.#.#..#...............
#...#.##...........(...
#...#.# .#.###.........
#...#.# .#.###.#.......
#...#.# #.#...........
#...#.##+#....####.....


You could see a hobgoblin (poisoned) and a rat.

Vanquished Creatures
  2 ball pythons (D:1)
  An endoplasm (D:1)
  A giant cockroach (D:1)
  2 goblins (D:1)
  A hobgoblin (D:1)
  2 kobolds (D:1)
  A quokka (D:1)
  A frilled lizard (D:1)
  4 rats (D:1)
15 creatures vanquished.

Notes
Turn   | Place    | Note
-------+----------+-------------------------------------------
     0 | D:1      | mopl the Formicid Venom Mage began the quest for the Orb.
     0 | D:1      | Reached XP level 1. HP: 13/13 MP: 3/3
   213 | D:1      | Reached XP level 2. HP: 18/19 MP: 0/5
   443 | D:1      | Slain by a hobgoblin

Illustrated notes

Levels and vault maps discovered:
D:1:      co_arrival_random_square_maze, layout_basic, nicolae_hexahallways

Action                     || total
---------------------------++-------
  Melee: Unarmed           ||    10
         Mace              ||    10
   Cast: Sting             ||    26
 Armour: Robe              ||     4
  Dodge: Dodged            ||    34

Table legend: (Time is in decaauts)
 A = Elapsed time spent in this place.
 B = Non-inter-level travel time spent in this place.
 C = Inter-level travel time spent in this place.
 D = Time resting spent in this place.
 E = Time spent auto-exploring this place.
 F = Levels seen in this place.
 G = Mean time per level.
                   A        B        C        D        E       F      G
               +--------+--------+--------+--------+--------+-----+--------+
         Total |    446 |    446 |      0 |     35 |    283 |   1 |  446.0 |
       Dungeon |    446 |    446 |      0 |     35 |    283 |   1 |  446.0 |
               +--------+--------+--------+--------+--------+-----+--------+

Top non-repeatable levels by time:
     D:1: 446 daAuts
